Cogmind - Beta 9.6 --- EXPLORER MODE // 2020.05.01 @ 04:02:43 // Winter2019/RPGLIKE Player: hemo Result: Destroyed by G-73 Enforcer with Phase Gun Performance ------------- Evolutions (9) 4500 Regions Visited (25) 5000 Robots Destroyed (382) 1910 Value Destroyed (25574) 25574 Prototype IDs (114) 2280 Alien Tech Used (0) 0 Bonus (16816) 16816 TOTAL SCORE: 56080 Bonus ------- Triggered Max Security 1000 High Alert Combat Kills 777 Follower Combat Kills 8799 Entered Garrisons 2000 Used RIF Installer 5000 Aligned with FarCom 300 Scanned by Researcher 500 Friendly Fire -1560 Cogmind --------- Core Integrity 0/800 Matter 45/300 Energy 16/1660 System Corruption 3% Temperature Cool (180) Movement Rolling (110) Ox2 Location -1/Access Parts ------- > --- POWER (2) -------- Cooled Antimatter Reactor Cooled Antimatter Reactor > --- PROPULSION (2) --- Centrium Wheel High-density Centrium Wheel > --- UTILITY (16) ----- Experimental Energy Well Experimental Terrain Scanner Experimental Thermal Defense Suite Improved Energy Mantle Relay Coupler [C] (154) Relay Coupler [C] (142) Relay Coupler [C] (150) Relay Coupler [C] (154) Relay Coupler [C] (133) Relay Coupler [C] (111) Relay Coupler [Sentry] (32) Relay Coupler [Sentry] (78) Relay Coupler [Demolisher] (48) Relay Coupler [Specialist] (98) Relay Coupler [Hunter] (18) Relay Coupler [Behemoth] (15) > --- WEAPON (3) ------- Graviton Cannon Hellfire Missile Launcher Advanced Remote Datajack > --- INVENTORY (9) ---- Layered Medium Armor Plating Relay Coupler [C] (170) Relay Coupler [C] (158) Relay Coupler [C] (202) Relay Coupler [C] (176) Relay Coupler [C] (118) Relay Coupler [Hunter] (62) Improved System Restoration Module Enhanced Force Lance Peak State ------------ > --- POWER ------------ Cooled Antimatter Reactor Cooled Antimatter Reactor > --- PROPULSION ------- Centrium Wheel High-density Centrium Wheel > --- UTILITY ---------- Experimental Energy Well Experimental Terrain Scanner Experimental Thermal Defense Suite Improved Energy Mantle Relay Coupler [C] Relay Coupler [C] Relay Coupler [C] Relay Coupler [C] Relay Coupler [C] Relay Coupler [C] Relay Coupler [Sentry] Relay Coupler [Sentry] Relay Coupler [Demolisher] Relay Coupler [Specialist] Relay Coupler [Hunter] Relay Coupler [Behemoth] > --- WEAPON ----------- Graviton Cannon Hellfire Missile Launcher Advanced Remote Datajack > --- INVENTORY -------- Layered Medium Armor Plating Relay Coupler [C] Relay Coupler [C] Relay Coupler [C] Relay Coupler [C] Relay Coupler [C] Relay Coupler [Hunter] Improved System Restoration Module Enhanced Force Lance [Rating: 177] Favorites ----------- Power Cooled Fission Core Engine Cooled Deuterium Engine Power Core Cooled Fission Core Reactor Cooled Antimatter Reactor Propulsion Armored Wheel Wheel Armored Wheel Hover Unit Backup Propulsion I Flight Unit Improved VTOL Module Utility Relay Coupler [Sentry] Device Experimental Terrain Scanner Storage Experimental Energy Well Processor Melee Analysis Suite Hackware Relay Coupler [Sentry] Protection Layered Medium Armor Plating Weapon Advanced Remote Datajack Energy Gun Particle Gun Ballistic Gun Precision Assault Rifle Ballistic Cannon Heavy Gauss Cannon Launcher Heavy Rocket Launcher Special Weapon Advanced Remote Datajack Slashing Weapon Makeshift Sword Piercing Weapon Enhanced Force Lance Special Melee Weapon Improved Datajack Build | -11 -10 -10 -10 -9 -8 -8 -8 -8 -7 -7 -6 -6 -5 -5 -4 -4 -3 -3 -2 -2 -2 -2 -1 -1 -1 ------- Run | Scr Mat Min Exi Min Mat Gar Mat Gar Fac Gar Fac Gar Fac Gar Fac Gar Res Gar Res Gar Res Gar Acc Gar Acc Slots Evolved 19 | 3 1 . . . 4 . . 3 . 1 . 1 1 . . . 1 1 1 . 1 . . . 1 Power 1 | . . . . . . . . . . . . . . . . . . . . . 1 . . . . Propulsion 1 | 1 . . . . . . . . . . . . . . . . . . . . . . . . . Utility 15 | 2 1 . . . 4 . . 2 . 1 . . 1 . . . 1 1 1 . . . . . 1 Weapon 2 | . . . . . . . . 1 . . . 1 . . . . . . . . . . . . . Parts Attached 298 | 7 7 1 . 1 55 12 19 13 36 9 9 5 7 4 20 4 15 5 31 9 13 6 . 8 2 Power 14 | 1 1 . . . 2 . 2 . 4 . . . . . 2 . . . . . 2 . . . . Engine 7 | 1 . . . . 1 . 2 . 3 . . . . . . . . . . . . . . . . Core 5 | . 1 . . . 1 . . . 1 . . . . . 2 . . . . . . . . . . Reactor 2 | . . . . . . . . . . . . . . . . . . . . . 2 . . . . Propulsion 17 | 2 2 . . . 5 . . 1 1 . . . . . 4 . . . 1 . 1 . . . . Treads . | . . . . . . . . . . . . . . . . . . . . . . . . . . Leg . | . . . . . . . . . . . . . . . . . . . . . . . . . . Wheel 14 | 2 2 . . . 2 . . 1 1 . . . . . 4 . . . 1 . 1 . . . . Hover 2 | . . . . . 2 . . . . . . . . . . . . . . . . . . . . Flight 1 | . . . . . 1 . . . . . . . . . . . . . . . . . . . . Utility 148 | 3 3 1 . . 18 4 . 3 11 4 4 4 3 3 10 4 12 5 24 9 8 6 . 8 1 Device 50 | 1 . 1 . . 4 . . . 5 1 2 . 2 1 4 . 6 2 15 1 5 . . . . Storage 3 | . . . . . . . . . . . . 1 . . . . 1 . . . 1 . . . . Processor 4 | . . . . . 2 . . . 1 . . . . . . . . . 1 . . . . . . Hackware 58 | . . . . . 3 4 . 3 1 3 1 3 . 2 4 3 2 3 3 8 . 6 . 8 1 Protection 33 | 2 3 . . . 9 . . . 4 . 1 . 1 . 2 1 3 . 5 . 2 . . . . Artifact . | . . . . . . . . . . . . . . . . . . . . . . . . . . Weapon 119 | 1 1 . . 1 30 8 17 9 20 5 5 1 4 1 4 . 3 . 6 . 2 . . . 1 Energy Gun 3 | 1 1 . . . . . 1 . . . . . . . . . . . . . . . . . . Energy Cannon . | . . . . . . . . . . . . . . . . . . . . . . . . . . Ballistic Gun 1 | . . . . . . . . . 1 . . . . . . . . . . . . . . . . Ballistic Cannon 43 | . . . . 1 15 4 6 2 3 2 1 1 . 1 2 . . . 4 . 1 . . . . Launcher 8 | . . . . . . . 2 . 2 . . . 1 . . . . . 1 . 1 . . . 1 Special Weapon 16 | . . . . . . . . . 7 1 3 . 2 . . . 2 . 1 . . . . . . Impact Weapon . | . . . . . . . . . . . . . . . . . . . . . . . . . . Slashing Weapon 40 | . . . . . 15 4 7 4 6 2 1 . 1 . . . . . . . . . . . . Piercing Weapon 3 | . . . . . . . . . . . . . . . 2 . 1 . . . . . . . . Special Melee Weapon 5 | . . . . . . . 1 3 1 . . . . . . . . . . . . . . . . Unidentified Prototypes 17 | . . 1 . . 2 . 1 . 2 . . . 1 . 1 . 2 . 6 . 1 . . . . Parts Lost 2 | . . . . . 2 . . . . . . . . . . . . . . . . . . . . Power . | . . . . . . . . . . . . . . . . . . . . . . . . . . Propulsion . | . . . . . . . . . . . . . . . . . . . . . . . . . . Utility 2 | . . . . . 2 . . . . . . . . . . . . . . . . . . . . Weapon . | . . . . . . . . . . . . . . . . . . . . . . . . . . Highest Loss Streak 1 | . . . . . 1 . . . . . . . . . . . . . . . . . . . . Average Slot Usage (%) 99 | . 99 100 100 100 99 95 100 100 97 100 98 100 99 100 99 97 100 96 99 99 100 100 100 100 100 Engine 2 | . 8 . . . 1 8 8 6 4 6 6 5 5 5 2 . . . . . . . . . . Core 3 | . 3 12 12 12 10 . . . 1 . . . . . 2 5 5 5 4 4 3 . . . . Wheel 13 | . 25 25 25 25 23 16 16 13 12 12 12 11 11 11 10 11 10 10 9 9 9 9 9 9 8 Device 15 | . 12 23 25 25 20 8 8 6 8 8 12 12 12 16 22 22 21 18 17 14 13 13 13 13 13 Storage 2 | . . . . . . . . . . . . 4 5 5 5 5 5 5 4 4 4 4 4 4 4 Hackware 36 | . . . . . 9 25 50 51 48 51 47 42 39 37 34 30 35 37 43 49 51 50 50 50 51 Protection 7 | . 36 26 25 25 20 13 8 6 5 6 6 5 5 5 3 4 5 5 4 1 . . . . . Ballistic Cannon 4 | . . . . 6 5 1 4 . 4 3 1 1 5 5 4 5 5 5 4 4 3 4 4 4 4 Special Weapon 3 | . . . . . . . . . 2 2 4 5 4 5 5 5 5 5 4 4 4 4 4 4 4 Slashing Weapon 2 | . . . . . 5 6 2 5 3 5 5 5 5 5 . . . . . . . . . . . Piercing Weapon 2 | . . . . . . . . . . . . . . . 3 5 5 5 4 4 4 4 4 4 3 Naked Turns . | . . . . . . . . . . . . . . . . . . . . . . . . . . Heaviest Build 89 | 10 18 18 18 22 30 30 25 26 32 32 32 43 49 51 61 63 76 76 78 71 85 85 85 85 89 Greatest Support 36 | 26 26 24 24 24 24 24 24 24 24 24 24 24 24 24 32 32 32 32 36 36 36 36 36 36 36 Greatest Overweight (x) 3 | . . . . . 2 1 1 1 2 1 1 1 2 2 3 1 2 2 2 1 2 2 2 2 2 Average Overweight (x) 1 | . . . . . . . . . . 1 1 1 1 1 1 1 1 2 1 1 1 2 2 2 2 Largest Inventory Capacity 9 | 2 4 4 4 4 5 6 7 7 7 7 8 8 8 8 8 8 8 9 9 9 9 9 9 9 9 Average Capacity 7 | . 3 4 4 4 4 5 6 7 7 7 7 8 8 8 8 8 8 8 9 9 9 9 9 9 9 Most Carried 9 | 1 4 4 4 4 5 6 7 7 7 7 8 8 8 8 8 8 8 9 9 9 9 9 9 9 9 Average Carried 7 | . 3 4 4 3 4 5 6 6 6 6 7 7 8 7 7 7 7 8 8 7 8 8 9 8 8 Final Capacity 9 | 2 4 4 4 4 5 6 7 7 7 7 8 8 8 8 8 8 8 9 9 9 9 9 9 9 9 Final Carried 9 | 1 4 4 4 4 4 6 7 7 7 7 8 8 8 8 8 8 8 9 9 9 9 9 9 9 9 Class Distribution -------------------- 50% | Botlord-Assassin 14% | Bothacker-Assassin 13% | Hacker-Mutant 7% | Commander-Assassin 6% | Bothacker-Mutant 6% | Hacker-Assassin Dominant Class ---------------- Hacker-Mutant | -10/Materials Hacker-Mutant | -10/Mines Hacker-Mutant | -10/Exiles Hacker-Mutant | -9/Mines Hacker-Mutant | -8/Materials Hacker-Assassin | -8/Garrison Bothacker-Mutant | -8/Materials Bothacker-Assassin | -8/Garrison Bothacker-Assassin | -7/Factory Bothacker-Assassin | -7/Garrison Bothacker-Assassin | -6/Factory Botlord-Assassin | -6/Garrison Botlord-Assassin | -5/Factory Botlord-Assassin | -5/Garrison Commander-Assassin | -4/Factory Botlord-Assassin | -4/Garrison Botlord-Assassin | -3/Research Botlord-Assassin | -3/Garrison Botlord-Assassin | -2/Research Botlord-Assassin | -2/Garrison Botlord-Assassin | -2/Research Botlord-Assassin | -2/Garrison Botlord-Assassin | -1/Access Botlord-Assassin | -1/Garrison Botlord-Assassin | -1/Access Resources | -11 -10 -10 -10 -9 -8 -8 -8 -8 -7 -7 -6 -6 -5 -5 -4 -4 -3 -3 -2 -2 -2 -2 -1 -1 -1 ----------- Run | Scr Mat Min Exi Min Mat Gar Mat Gar Fac Gar Fac Gar Fac Gar Fac Gar Res Gar Res Gar Res Gar Acc Gar Acc Matter Collected 10793 | 244 86 20 . 82 1349 80 684 134 1032 124 87 63 268 81 749 211 1148 223 1834 443 1152 152 138 120 289 Remotely . | . . . . . . . . . . . . . . . . . . . . . . . . . . Salvage Created 13854 | 100 1010 256 . 168 2527 428 1001 96 904 382 57 63 24 64 349 67 1199 493 1733 713 1537 125 85 . 473 Parts 721 | 5 49 19 . 15 127 24 68 7 56 10 4 . 4 4 37 2 63 13 96 18 72 4 1 . 23 Haulers Intercepted 11 | . 2 . . . 5 . 2 . . . . . . . 1 . . . . . . . . . 1 Recyclers Shooed 1 | 1 . . . . . . . . . . . . . . . . . . . . . . . . . Parts Field Recycled . | . . . . . . . . . . . . . . . . . . . . . . . . . . Retrieved Matter . | . . . . . . . . . . . . . . . . . . . . . . . . . . Parts Self-Destructed . | . . . . . . . . . . . . . . . . . . . . . . . . . . Prevented . | . . . . . . . . . . . . . . . . . . . . . . . . . . Kills | -11 -10 -10 -10 -9 -8 -8 -8 -8 -7 -7 -6 -6 -5 -5 -4 -4 -3 -3 -2 -2 -2 -2 -1 -1 -1 ------- Run | Scr Mat Min Exi Min Mat Gar Mat Gar Fac Gar Fac Gar Fac Gar Fac Gar Res Gar Res Gar Res Gar Acc Gar Acc Combat Hostiles Destroyed 322 | . 24 7 . 6 61 13 29 5 23 11 1 1 . 1 10 2 26 6 42 9 31 2 2 . 10 Melee 99 | . . . . . 31 10 13 1 4 9 . 1 . . 1 1 5 5 4 5 9 . . . . Guns 31 | . 24 6 . 1 . . . . . . . . . . . . . . . . . . . . . Cannons 181 | . . . . 5 30 3 14 4 16 2 1 . . 1 9 1 21 1 38 4 22 2 2 . 5 AOE 11 | . . 1 . . . . 2 . 3 . . . . . . . . . . . . . . . 5 Classes Destroyed 19 | 2 4 . . 1 8 . . . 1 . . . . . . . . . . . 1 . . . 2 Worker 6 | . . . . . 3 . . . . . . . . . . . 1 . 2 . . . . . . Builder 9 | . . . . . 1 . 3 . . . . . . . 1 . 1 . 2 . . . . . 1 Tunneler 4 | 2 . 1 . . . . . . 1 . . . . . . . . . . . . . . . . Hauler 11 | . 2 . . . 5 . 2 . . . . . . . 1 . . . . . . . . . 1 Recycler 5 | 1 . . . . 1 . . . 2 . . . . . . . . . 1 . . . . . . Mechanic 1 | . . . . . 1 . . . . . . . . . . . . . . . . . . . . Operator 2 | . . . . . 2 . . . . . . . . . . . . . . . . . . . . Watcher 17 | . 1 . . . 5 . 2 . 4 . . . 1 . . . 2 . 2 . . . . . . Swarmer 39 | . 6 4 . . 5 . 2 . 2 3 . . . . 3 1 1 2 8 1 . . 1 . . Grunt 172 | . 18 3 . 5 39 11 22 4 17 7 . 1 . . . 1 11 3 9 6 12 . 1 . 2 Brawler 2 | . . . . . 1 . . . . 1 . . . . . . . . . . . . . . . Duelist 1 | . . . . . 1 . . . . . . . . . . . . . . . . . . . . Protector 2 | . . . . . . . . . . . . . . . . . . . . . . . . . 2 Sentry 34 | . . . . 1 11 1 3 1 1 . . . . . 2 . 2 1 5 1 4 . . . 1 Demolisher 4 | . . . . . 1 . . . . . . . . . . . . . . . . . . . 3 Specialist 1 | . . . . . . . . . . . . . . . . . . . . . 1 . . . . Hunter 26 | . . . . . 3 1 2 . . . . . . . 1 . 5 . 6 1 7 . . . . Programmer 45 | . . . . . . . . . 5 . 1 . . 1 4 . 7 . 15 . 8 2 . . 2 Investigator 1 | . . . . . . . . . . . . . . . . . . . . . . . . . 1 Best Kill Streak 10 | 1 7 3 . 3 10 3 7 4 5 4 1 1 1 1 3 1 4 2 5 3 7 2 1 . 9 Combat Bots Only 8 | . 7 2 . 3 8 3 5 4 5 4 1 1 . 1 3 1 4 2 5 3 7 2 1 . 6 Max Kills in Single Turn 3 | 1 1 1 . 1 2 1 3 1 2 1 1 1 1 1 1 1 1 1 1 1 1 1 1 . 3 Gunslinging . | . . . . . . . . . . . . . . . . . . . . . . . . . . Exploded 3 | . . 1 . . . . 1 . 2 . . . . . . . . . . . . . . . 3 Melee 1 | . . . . . 1 1 1 1 1 1 . 1 . . 1 1 1 1 1 1 1 . . . . Uniques/NPCs Destroyed . | . . . . . . . . . . . . . . . . . . . . . . . . . . Combat | -11 -10 -10 -10 -9 -8 -8 -8 -8 -7 -7 -6 -6 -5 -5 -4 -4 -3 -3 -2 -2 -2 -2 -1 -1 -1 -------- Run | Scr Mat Min Exi Min Mat Gar Mat Gar Fac Gar Fac Gar Fac Gar Fac Gar Res Gar Res Gar Res Gar Acc Gar Acc Damage Taken 11682 | . 474 60 . 72 1728 291 556 198 456 596 114 29 45 48 301 108 979 401 2088 352 1577 52 20 27 1110 Core 7996 | . 301 35 . 46 1045 162 361 126 317 399 62 22 35 33 238 75 628 279 1419 234 1230 40 16 21 872 Absorbed by Shields 2946 | . . . . . . . . . . 11 . 16 13 51 81 21 357 165 800 192 577 51 19 25 567 Redirected to Core 6307 | . 179 35 . 39 828 141 289 110 235 303 47 12 35 29 159 69 533 227 1179 182 917 35 10 16 698 Core Remaining (%) 95 | 100 . . . 98 . . . 83 . 100 . 100 . 88 . 100 . 91 . . . 95 . . . Volleys Fired 1227 | 11 122 22 . 17 134 14 56 10 102 11 9 5 17 15 70 23 135 20 193 40 125 13 13 4 46 Largest 2 | 1 1 1 . 1 1 1 1 1 1 1 1 1 1 1 1 1 1 1 1 1 1 1 1 1 2 Hottest 130 | 50 65 65 . 65 48 48 48 48 48 48 48 48 48 57 61 61 61 61 70 70 70 70 70 50 130 Shots Fired 1227 | 11 120 22 . 17 134 14 55 10 102 11 9 5 17 15 70 23 134 20 193 40 125 13 13 4 50 Gun 158 | 11 120 22 . 5 . . . . . . . . . . . . . . . . . . . . . Cannon 847 | . . . . 12 134 14 53 10 84 3 2 2 1 8 24 15 114 9 179 26 109 4 11 . 33 Launcher 6 | . . . . . . . 2 . . . . . . . . . . . . . . . . . 4 Special 216 | . . . . . . . . . 18 8 7 3 16 7 46 8 20 11 14 14 16 9 2 4 13 Kinetic 847 | . . . . 12 134 14 53 10 84 3 2 2 1 8 24 15 114 9 179 26 109 4 11 . 33 Thermal 158 | 11 120 22 . 5 . . . . . . . . . . . . . . . . . . . . . Explosive 6 | . . . . . . . 2 . . . . . . . . . . . . . . . . . 4 Electromagnetic . | . . . . . . . . . . . . . . . . . . . . . . . . . . Robot Hit Streak 41 | 11 29 7 . 10 28 13 41 17 24 10 13 8 12 9 36 16 37 26 34 27 30 13 4 8 18 Robot Miss Streak 3 | . 1 2 . 1 1 1 1 . 1 1 1 . 1 1 1 1 3 1 3 2 2 1 1 . 1 Penetration Max 1 | . . . . . 1 . . . 1 . . . . . 1 . 1 . . . . . . . . Secondary Targets . | . . . . . . . . . . . . . . . . . . . . . . . . . . Shots Hit Robots 1401 | 11 112 15 . 16 238 35 90 24 104 34 7 6 15 12 71 19 126 34 189 41 126 12 12 5 47 Core Hits 535 | 4 42 9 . 8 89 15 48 8 40 12 1 1 1 1 15 4 51 10 75 12 50 2 6 . 31 Critical Hits 126 | . . . . 3 27 4 8 2 9 3 1 . . . 4 2 25 4 20 3 11 . . . . Critical Kills 50 | . . . . 1 11 1 3 1 3 1 1 . . . 3 . 11 . 8 2 4 . . . . Critical Parts Destroyed 69 | . . . . 2 16 3 5 1 5 2 . . . . 1 2 13 1 10 1 7 . . . . Melee Attacks 510 | . . . . . 126 40 43 39 33 49 4 4 2 3 29 6 22 23 30 14 24 8 2 5 4 Impact . | . . . . . . . . . . . . . . . . . . . . . . . . . . Slashing 326 | . . . . . 126 40 39 27 25 49 4 4 2 3 7 . . . . . . . . . . Piercing 160 | . . . . . . . . . . . . . . . 22 6 22 23 30 14 24 8 2 5 4 Sneak Attacks 29 | . . . . . 9 2 4 . 11 . . . . . . . . . 1 . 1 . . . 1 Combat Hostiles 7 | . . . . . 3 2 . . 1 . . . . . . . . . . . 1 . . . . Follow-up Attacks . | . . . . . . . . . . . . . . . . . . . . . . . . . . Damage Inflicted 51244 | 135 1578 323 . 415 8729 1452 3725 404 4020 893 32 98 87 176 1167 501 4435 1115 9542 1426 6151 270 495 50 4025 Guns 2053 | 135 1578 262 . 78 . . . . . . . . . . . . . . . . . . . . . Cannons 31743 | . . . . 337 3726 360 1413 252 2270 54 32 61 31 176 933 439 3904 293 8714 1059 5188 270 412 . 1819 Explosions 3906 | . . 61 . . 57 . 842 . 876 . . . . . . . . . . . . . . . 2070 Melee 13528 | . . . . . 4946 1092 1470 152 874 839 . 37 56 . 234 62 531 822 828 353 963 . 83 50 136 Ramming 14 | . . . . . . . . . . . . . . . . . . . . 14 . . . . . Kinetic 31743 | . . . . 337 3726 360 1413 252 2270 54 32 61 31 176 933 439 3904 293 8714 1059 5188 270 412 . 1819 Thermal 2881 | 135 1578 323 . 78 57 . . . 710 . . . . . . . . . . . . . . . . Explosive 2975 | . . . . . . . 739 . 166 . . . . . . . . . . . . . . . 2070 Electromagnetic 103 | . . . . . . . 103 . . . . . . . . . . . . . . . . . . Impact . | . . . . . . . . . . . . . . . . . . . . . . . . . . Slashing 9700 | . . . . . 4946 1092 1470 152 874 839 . 37 56 . 234 . . . . . . . . . . Piercing 3828 | . . . . . . . . . . . . . . . . 62 531 822 828 353 963 . 83 50 136 Highest Corruption 3 | . 2 2 2 2 2 2 3 3 1 . . . . . 1 1 3 1 2 . 2 . . . 3 Average Corruption 1 | . 1 2 2 2 2 2 2 3 1 . . . . . 1 1 1 1 1 . 1 . . . 2 Corruption Purged 17 | . . . . . . . . . 3 . . . . . . 1 3 1 7 . 2 . . . . Effects 79 | . 10 5 2 4 2 8 18 10 1 . . . . . 1 . 7 . 9 . 1 . . . 1 Message Errors 24 | . 3 4 2 2 1 1 3 2 . . . . . . 1 . 1 . 3 . 1 . . . . Matter Fused 7 | . . . . . . . 2 4 . . . . . . . . 1 . . . . . . . . Heat Flow Errors 5 | . 1 . . . . . 2 1 . . . . . . . . 1 . . . . . . . . Energy Discharges 17 | . 2 . . 1 . 3 5 . 1 . . . . . . . 2 . 3 . . . . . . Data Loss (minor) 9 | . 1 1 . . 1 3 2 . . . . . . . . . . . 1 . . . . . . Targeting Errors 13 | . 1 . . 1 . 1 3 3 . . . . . . . . 1 . 2 . . . . . 1 Weapon Failures 4 | . 2 . . . . . 1 . . . . . . . . . 1 . . . . . . . . Overload Shots . | . . . . . . . . . . . . . . . . . . . . . . . . . . Overflow Damage 2169 | . . . . 25 685 1 169 . 300 12 . . . . 28 . 79 4 473 10 225 2 21 . 135 Projectiles 1190 | . . . . 25 130 . 59 . 73 . . . . . 28 . 30 4 473 10 220 2 21 . 115 Explosions 202 | . . . . . 22 . 59 . 101 . . . . . . . . . . . . . . . 20 Melee 777 | . . . . . 533 1 51 . 126 12 . . . . . . 49 . . . 5 . . . . Knockbacks 262 | . . . . 2 28 5 9 1 17 . . 2 1 . 3 2 36 2 96 4 39 . 4 . 11 Impact . | . . . . . . . . . . . . . . . . . . . . . . . . . . Kinetic 231 | . . . . 2 27 5 8 1 16 . . 1 1 . 3 2 35 2 75 4 35 . 4 . 10 Secondary 31 | . . . . . 1 . 1 . 1 . . 1 . . . . 1 . 21 . 4 . . . 1 Self-Inflicted Damage 85 | . . . . . 45 . 33 . . . . . . . . . . . . 7 . . . . . Shots 2 | . . . . . 1 . 1 . . . . . . . . . . . . . . . . . . Rammed 1 | . . . . . . . . . . . . . . . . . . . . 1 . . . . . Targets Rammed 1 | . . . . . . . . . . . . . . . . . . . . 1 . . . . . Kicked . | . . . . . . . . . . . . . . . . . . . . . . . . . . Crushed . | . . . . . . . . . . . . . . . . . . . . . . . . . . Highest Temperature 402 | 30 402 8 . 15 15 21 291 179 13 13 7 3 10 15 6 29 249 85 192 129 33 34 9 9 167 Average Temperature 44 | 19 157 5 . 10 4 12 117 79 13 7 7 3 5 8 3 18 36 51 21 46 7 12 6 8 55 Received Heat Transfer 4256 | . 381 15 . 69 1008 261 450 126 171 369 30 22 7 24 100 91 106 74 239 89 326 5 . 13 280 Effects 5 | . 5 . . . . . . . . . . . . . . . . . . . . . . . . Shutdowns 2 | . 2 . . . . . . . . . . . . . . . . . . . . . . . . Energy Bleed 1 | . 1 . . . . . . . . . . . . . . . . . . . . . . . . Matter Decay 2 | . 2 . . . . . . . . . . . . . . . . . . . . . . . . Siege Activations . | . . . . . . . . . . . . . . . . . . . . . . . . . . Robots Corrupted . | . . . . . . . . . . . . . . . . . . . . . . . . . . Combat Hostiles . | . . . . . . . . . . . . . . . . . . . . . . . . . . Parts Fried . | . . . . . . . . . . . . . . . . . . . . . . . . . . Impact Corruptions 3 | . . . . . . . . . . . . . . . . . . . 3 . . . . . . Robots Melted . | . . . . . . . . . . . . . . . . . . . . . . . . . . Combat Hostiles . | . . . . . . . . . . . . . . . . . . . . . . . . . . Parts Melted 19 | 1 11 1 . . . . . . 1 . . . . . . . 1 2 . 1 . . . . 1 Heat Transferred 5904 | 407 4070 692 . 185 50 . . . 500 . . . . . . . . . . . . . . . . Parts Sabotaged . | . . . . . . . . . . . . . . . . . . . . . . . . . . Parts Stolen . | . . . . . . . . . . . . . . . . . . . . . . . . . . Parts Stripped . | . . . . . . . . . . . . . . . . . . . . . . . . . . Power Chain Reactions . | . . . . . . . . . . . . . . . . . . . . . . . . . . Missiles Intercepted . | . . . . . . . . . . . . . . . . . . . . . . . . . . Alert | -11 -10 -10 -10 -9 -8 -8 -8 -8 -7 -7 -6 -6 -5 -5 -4 -4 -3 -3 -2 -2 -2 -2 -1 -1 -1 ------- Run | Scr Mat Min Exi Min Mat Gar Mat Gar Fac Gar Fac Gar Fac Gar Fac Gar Res Gar Res Gar Res Gar Acc Gar Acc Peak Influence 2011 | 15 400 191 . 234 394 564 585 556 663 231 237 211 127 122 204 122 505 216 238 199 753 278 129 199 2011 Average Influence 163 | 9 220 112 . 87 198 322 216 371 210 131 54 118 59 76 57 57 104 123 81 119 152 170 58 106 1773 Maximum Alert Level 5 | . 2 . . 1 2 2 2 2 2 1 1 1 . . 1 . 2 1 1 . 3 1 . . 5 Low Security (%) 74 | 100 39 100 . 88 50 24 44 22 56 93 87 87 100 100 98 100 83 89 91 100 67 63 100 100 . Level 1 19 | . 57 . . 11 49 36 38 20 35 6 12 12 . . 1 . 16 10 8 . 31 36 . . . Level 2 3 | . 2 . . . . 38 17 57 8 . . . . . . . . . . . . . . . . Level 3 . | . . . . . . . . . . . . . . . . . . . . . . . . . . Level 4 . | . . . . . . . . . . . . . . . . . . . . . . . . . . Level 5 . | . . . . . . . . . . . . . . . . . . . . . . . . . . High Security . | . . . . . . . . . . . . . . . . . . . . . . . . . . Max Security 1 | . . . . . . . . . . . . . . . . . . . . . . . . . 99 Squads Dispatched 149 | . 9 1 . 1 20 . 9 . 20 . 2 . 6 . 9 . 16 . 14 . 12 . 3 . 27 Investigation 56 | . 9 1 . 1 10 . 5 . 12 . 1 . 1 . 1 . 4 . 5 . 4 . 2 . . Extermination 27 | . . . . . . . . . 7 . 1 . 1 . 4 . 5 . 6 . 3 . . . . Reinforcement 22 | . . . . . 4 . 1 . 1 . . . . . 2 . 4 . 3 . 3 . 1 . 3 Assault 23 | . . . . . . . . . . . . . . . . . . . . . 1 . . . 22 Garrison 21 | . . . . . 6 . 3 . . . . . 4 . 2 . 3 . . . 1 . . . 2 Intercept . | . . . . . . . . . . . . . . . . . . . . . . . . . . Construction Impeded 10 | . . . . . 1 . 1 . . . . . . . 2 . 1 . 1 . 2 . 1 . 1 Haulers Reinforced 7 | . . . . . . . . . . . . . . . . . 2 . 2 . 1 . . . 2 Alert ID Control Effect 247 | . . . . . . . . 1 18 5 1 3 6 7 36 17 31 19 18 5 22 5 14 6 33 Stealth | -11 -10 -10 -10 -9 -8 -8 -8 -8 -7 -7 -6 -6 -5 -5 -4 -4 -3 -3 -2 -2 -2 -2 -1 -1 -1 --------- Run | Scr Mat Min Exi Min Mat Gar Mat Gar Fac Gar Fac Gar Fac Gar Fac Gar Res Gar Res Gar Res Gar Acc Gar Acc Distress Signals 40 | . 2 1 . . 6 . . . 2 . . . 1 . 3 . 7 . 10 . 6 . . . 2 Communications Jammed . | . . . . . . . . . . . . . . . . . . . . . . . . . . Distress Signals . | . . . . . . . . . . . . . . . . . . . . . . . . . . Times Spotted 830 | . 32 7 . 8 85 12 38 23 53 26 5 7 9 10 54 19 68 32 91 33 81 16 23 12 86 Peak Tracking Total 35 | . 6 2 . 2 8 3 5 6 6 12 1 3 2 3 5 6 4 7 9 12 11 9 7 4 35 Tactical Retreats 32 | . 2 . . . 8 3 1 . 1 3 . . . . . . 1 . 5 1 2 . 1 . 4 Traps | -11 -10 -10 -10 -9 -8 -8 -8 -8 -7 -7 -6 -6 -5 -5 -4 -4 -3 -3 -2 -2 -2 -2 -1 -1 -1 ------- Run | Scr Mat Min Exi Min Mat Gar Mat Gar Fac Gar Fac Gar Fac Gar Fac Gar Res Gar Res Gar Res Gar Acc Gar Acc Traps Triggered 32 | . . . . . 2 4 . . 2 2 . . . . . . . 3 4 6 3 . . 5 1 Indirectly . | . . . . . . . . . . . . . . . . . . . . . . . . . . Trap Hack Attempts . | . . . . . . . . . . . . . . . . . . . . . . . . . . Triggered . | . . . . . . . . . . . . . . . . . . . . . . . . . . Disarmed . | . . . . . . . . . . . . . . . . . . . . . . . . . . Reprogrammed 22 | . . . . . 5 . . . 5 . . . . . 12 . . . . . . . . . . Reused 2 | . . . . . 2 . . . . . . . . . . . . . . . . . . . . Traps Extracted . | . . . . . . . . . . . . . . . . . . . . . . . . . . Installed . | . . . . . . . . . . . . . . . . . . . . . . . . . . Triggered 2 | . . . . . 2 . . . . . . . . . . . . . . . . . . . . Machines | -11 -10 -10 -10 -9 -8 -8 -8 -8 -7 -7 -6 -6 -5 -5 -4 -4 -3 -3 -2 -2 -2 -2 -1 -1 -1 ---------- Run | Scr Mat Min Exi Min Mat Gar Mat Gar Fac Gar Fac Gar Fac Gar Fac Gar Res Gar Res Gar Res Gar Acc Gar Acc Machines Disabled 78 | . . 2 . . 5 4 3 4 16 2 . 2 1 2 9 4 2 3 2 5 2 4 . 4 2 Max in Single Turn 4 | . . 2 . . 1 1 2 1 4 1 . 1 . 1 . 1 . 1 1 1 . 1 . 1 1 Garrison Access 5 | . . . . . . . . . . . . . . . 1 . . . 1 . 1 . . . 2 Garrison Relay 33 | . . . . . . 4 . 4 . 3 . 2 . 2 . 3 . 3 . 4 . 4 . 4 . Machines Sabotaged . | . . . . . . . . . . . . . . . . . . . . . . . . . . Garrisons Compromised . | . . . . . . . . . . . . . . . . . . . . . . . . . . Overloaded Fab Kills . | . . . . . . . . . . . . . . . . . . . . . . . . . . Fab Network Shutdowns 3 | . . . . . . . . . 1 . . . . . . . 1 . . . 1 . . . . Hacking | -11 -10 -10 -10 -9 -8 -8 -8 -8 -7 -7 -6 -6 -5 -5 -4 -4 -3 -3 -2 -2 -2 -2 -1 -1 -1 --------- Run | Scr Mat Min Exi Min Mat Gar Mat Gar Fac Gar Fac Gar Fac Gar Fac Gar Res Gar Res Gar Res Gar Acc Gar Acc Machines Accessed 152 | . 10 1 1 1 14 . 9 . 22 . 5 . 10 . 19 . 25 . 16 . 16 . 3 . . Terminals 96 | . 8 1 . . 9 . 7 . 12 . 3 . 5 . 12 . 16 . 10 . 11 . 2 . . Fabricators 12 | . . . . . . . . . 2 . 1 . 1 . 2 . 1 . 2 . 3 . . . . Repair Stations 6 | . . . . . . . . . 2 . . . 1 . 1 . . . 1 . 1 . . . . Recycling Units 12 | . 2 . . . 2 . . . 3 . . . 2 . 1 . 1 . 1 . . . . . . Scanalyzers 10 | . . . . . 2 . 1 . 2 . . . . . 1 . 4 . . . . . . . . Garrison Access 14 | . . . . . 1 . 1 . 1 . 1 . 1 . 2 . 3 . 2 . 1 . 1 . . Total Hacks 612 | . 48 3 1 1 60 . 66 . 92 . 28 . 56 . 75 . 67 . 48 . 59 . 8 . . Successful 431 | . 41 1 1 1 48 . 50 . 68 . 20 . 40 . 56 . 40 . 31 . 30 . 4 . . Failed 181 | . 7 2 . . 12 . 16 . 24 . 8 . 16 . 19 . 27 . 17 . 29 . 4 . . Catastrophic 24 | . . . . . 1 . 1 . 5 . . . 1 . 2 . 8 . 2 . 3 . 1 . . Database Lockouts . | . . . . . . . . . . . . . . . . . . . . . . . . . . Manual 431 | . 42 3 1 . 39 . 53 . 63 . 17 . 41 . 56 . 43 . 26 . 41 . 6 . . Terminals 429 | . 42 3 . . 33 . 56 . 66 . 15 . 36 . 52 . 44 . 32 . 44 . 6 . . Fabricators 55 | . . . . . . . . . 7 . 10 . 8 . 11 . 2 . 8 . 9 . . . . Repair Stations 13 | . . . . . . . . . 5 . . . 1 . 1 . . . 2 . 4 . . . . Recycling Units 36 | . 6 . . . 8 . . . 9 . . . 8 . 1 . 2 . 2 . . . . . . Scanalyzers 36 | . . . . . 14 . 5 . 3 . . . . . 3 . 11 . . . . . . . . Garrison Access 41 | . . . . . 5 . 5 . 2 . 3 . 3 . 7 . 8 . 4 . 2 . 2 . . Terminal Hacks 182 | . 23 . 1 1 14 . 30 . 30 . 4 . 18 . 27 . 10 . 9 . 14 . 1 . . Part Schematic 29 | . 4 . . . . . 8 . . . 2 . 4 . 6 . 3 . 2 . . . . . . Robot Schematic 7 | . 2 . . . . . 3 . . . . . . . 2 . . . . . . . . . . Robot Analysis 63 | . 11 . . . 9 . 6 . 12 . . . 12 . 4 . 2 . 2 . 5 . . . . Prototype ID Bank 28 | . 6 . . . . . 5 . 9 . . . 2 . 6 . . . . . . . . . . Open Door 1 | . . . . 1 . . . . . . . . . . . . . . . . . . . . . Machine Index 3 | . . . . . . . . . 1 . . . . . . . . . 1 . 1 . . . . Fabricator Index 4 | . . . . . . . 1 . . . 1 . . . 1 . . . 1 . . . . . . Garrison Index 3 | . . . . . . . 1 . 1 . . . . . 1 . . . . . . . . . . Alert Level 2 | . . . . . 1 . . . . . . . . . . . 1 . . . . . . . . Unreport Threat 25 | . . . . . 3 . 5 . 4 . 1 . . . 1 . 3 . 2 . 5 . 1 . . Reprogram Traps 6 | . . . . . 1 . . . 1 . . . . . 3 . . . . . 1 . . . . Assault Status 1 | . . . . . . . . . . . . . . . 1 . . . . . . . . . . Recall Investigation 1 | . . . . . . . . . . . . . . . . . . . . . 1 . . . . Recall Extermination 4 | . . . . . . . . . . . . . . . 1 . 1 . 1 . 1 . . . . Hauler Manifests 4 | . . . . . . . 1 . 2 . . . . . 1 . . . . . . . . . . EX-Prototype ID Bank 1 | . . . 1 . . . . . . . . . . . . . . . . . . . . . . Fabricator Hacks 44 | . . . . . . . . . 7 . 10 . 7 . 8 . 2 . 6 . 4 . . . . Network Status 2 | . . . . . . . . . . . . . 1 . 1 . . . . . . . . . . Load Schematic 22 | . . . . . . . . . 3 . 5 . 3 . 4 . 1 . 3 . 3 . . . . Build 20 | . . . . . . . . . 4 . 5 . 3 . 3 . 1 . 3 . 1 . . . . Repair Station Hacks 9 | . . . . . . . . . 4 . . . . . 1 . . . 2 . 2 . . . . Scan Component 4 | . . . . . . . . . 2 . . . . . . . . . 1 . 1 . . . . Repair 4 | . . . . . . . . . 2 . . . . . . . . . 1 . 1 . . . . Refit 1 | . . . . . . . . . . . . . . . 1 . . . . . . . . . . Recycling Unit Hacks 17 | . 3 . . . 4 . . . 5 . . . 2 . 1 . . . 2 . . . . . . Report Inventory 5 | . 1 . . . . . . . 1 . . . 2 . 1 . . . . . . . . . . Retrieve Components 12 | . 2 . . . 4 . . . 4 . . . . . . . . . 2 . . . . . . Scanalyzer 28 | . . . . . 12 . 4 . 2 . . . . . 2 . 8 . . . . . . . . Insert Component 13 | . . . . . 6 . 2 . 1 . . . . . 1 . 3 . . . . . . . . Analyze 15 | . . . . . 6 . 2 . 1 . . . . . 1 . 5 . . . . . . . . Garrison Access Hacks 14 | . . . . . 1 . 3 . 1 . 1 . 1 . 2 . 1 . 2 . 1 . 1 . . Unlock Access 10 | . . . . . 1 . 1 . 1 . 1 . 1 . 1 . 1 . 1 . 1 . 1 . . Seal Access 2 | . . . . . . . . . . . . . . . 1 . . . 1 . . . . . . Coupler Status 2 | . . . . . . . 2 . . . . . . . . . . . . . . . . . . Unauthorized Hacks 137 | . 15 1 . . 17 . 13 . 19 . 5 . 12 . 15 . 19 . 10 . 9 . 2 . . Terminals 100 | . 13 1 . . 10 . 10 . 15 . 3 . 5 . 10 . 14 . 9 . 8 . 2 . . Track 1 | . . . . . . . . . 1 . . . . . . . . . . . . . . . . Assimilate 8 | . . . . . 1 . 3 . 2 . 1 . 1 . . . . . . . . . . . . Botnet 82 | . 8 . . . 8 . 6 . 11 . 2 . 4 . 10 . 14 . 9 . 8 . 2 . . Detonate 2 | . 1 1 . . . . . . . . . . . . . . . . . . . . . . . Disrupt 6 | . 4 . . . . . 1 . 1 . . . . . . . . . . . . . . . . Operators 1 | . . . . . 1 . . . . . . . . . . . . . . . . . . . . Fabricators 5 | . . . . . . . . . . . . . 1 . 3 . . . 1 . . . . . . Prioritize 1 | . . . . . . . . . . . . . . . 1 . . . . . . . . . . Siphon 4 | . . . . . . . . . . . . . 1 . 2 . . . 1 . . . . . . Repair Stations 1 | . . . . . . . . . . . . . 1 . . . . . . . . . . . . Mechanics 1 | . . . . . . . . . . . . . 1 . . . . . . . . . . . . Recycling Units 10 | . 2 . . . 2 . . . 2 . . . 4 . . . . . . . . . . . . Reject 1 | . . . . . . . . . . . . . 1 . . . . . . . . . . . . Recyclers 1 | . . . . . . . . . . . . . 1 . . . . . . . . . . . . Mask 2 | . . . . . . . . . . . . . 2 . . . . . . . . . . . . Tunnel 6 | . 2 . . . 2 . . . 2 . . . . . . . . . . . . . . . . Scanalyzers 4 | . . . . . 2 . 1 . 1 . . . . . . . . . . . . . . . . Extract 4 | . . . . . 2 . 1 . 1 . . . . . . . . . . . . . . . . Garrison Access 17 | . . . . . 3 . 2 . 1 . 2 . 1 . 2 . 5 . . . 1 . . . . Restock 2 | . . . . . 1 . 1 . . . . . . . . . . . . . . . . . . Reprogram 15 | . . . . . 2 . 1 . 1 . 2 . 1 . 2 . 5 . . . 1 . . . . Data Cores Recovered 1 | . . . . . . . . . . . . . . . . . 1 . . . . . . . . Used 1 | . . . . . . . . . . . . . . . . . 1 . . . . . . . . Hacking Detections 134 | . 10 1 . . 12 . 8 . 17 . 5 . 8 . 17 . 23 . 14 . 16 . 3 . . Full Trace Events 47 | . 8 1 . . 10 . 6 . 9 . 1 . 1 . 1 . 3 . 3 . 3 . 1 . . Feedback Events 7 | . 2 . . . 1 . 1 . 1 . . . . . 1 . 1 . . . . . . . . Corruption 6 | . 2 . . . . . 1 . 1 . . . . . 1 . 1 . . . . . . . . Hackware Fried 1 | . . . . . 1 . . . . . . . . . . . . . . . . . . . . Feedback Blocked . | . . . . . . . . . . . . . . . . . . . . . . . . . . Robot Schematics Acquired 7 | . 2 . . . . . 3 . . . . . . . 2 . . . . . . . . . . Robots Built 1 | . . . . . . . . . . . 1 . . . . . . . . . . . . . . Matter 153 | . . . . . . . . . . . 153 . . . . . . . . . . . . . . Time 81 | . . . . . . . . . . . 81 . . . . . . . . . . . . . . Total Robot Build Rating 1 | . . . . . . . . . . . 1 . . . . . . . . . . . . . . Part Schematics Acquired 60 | . 4 . . . 20 . 15 . 2 . 2 . 4 . 7 . 4 . 2 . . . . . . Parts Built 21 | . . . . . . . . . 3 . 4 . 4 . 4 . 1 . 3 . 2 . . . . Matter 3950 | . . . . . . . . . 504 . 548 . 568 . 635 . 351 . 960 . 384 . . . . Time 1786 | . . . . . . . . . 252 . 274 . 399 . 391 . 62 . 306 . 102 . . . . Total Part Build Rating 122 | . . . . . . . . . 12 . 19 . 20 . 24 . 7 . 24 . 16 . . . . Parts Repaired 4 | . . . . . . . . . 2 . . . . . . . . . 1 . 1 . . . . Time 107 | . . . . . . . . . 66 . . . . . . . . . 25 . 16 . . . . Parts Recycled . | . . . . . . . . . . . . . . . . . . . . . . . . . . Recycled Matter . | . . . . . . . . . . . . . . . . . . . . . . . . . . Retrieved Matter . | . . . . . . . . . . . . . . . . . . . . . . . . . . Retrieved Components 53 | . 11 . . . 15 . . . 13 . . . . . . . . . 14 . . . . . . Parts Scanalyzed 11 | . . . . . 6 . 2 . 1 . . . . . 1 . 1 . . . . . . . . Part Schematics Acquired 11 | . . . . . 6 . 2 . 1 . . . . . 1 . 1 . . . . . . . . Parts Damaged 1 | . . . . . . . . . 1 . . . . . . . . . . . . . . . . Bothacking | -11 -10 -10 -10 -9 -8 -8 -8 -8 -7 -7 -6 -6 -5 -5 -4 -4 -3 -3 -2 -2 -2 -2 -1 -1 -1 ------------ Run | Scr Mat Min Exi Min Mat Gar Mat Gar Fac Gar Fac Gar Fac Gar Fac Gar Res Gar Res Gar Res Gar Acc Gar Acc Used RIF Installer 10 | . . . . . . 1 . 1 . 1 . 1 . 1 . 1 . 1 . 1 . 1 . 1 . Coupler Efficiency 2 | . . . . . . . . . . . . 1 . . . . . . . . . . . 1 . Robot Detection 1 | . . . . . . . . . . . . . . . . . . 1 . . . . . . . Alert ID Control 1 | . . . . . . . . 1 . . . . . . . . . . . . . . . . . Structural Interface 1 | . . . . . . . . . . 1 . . . . . . . . . . . . . . . Program Shield 1 | . . . . . . . . . . . . . . 1 . . . . . . . . . . . Autoassimilate 2 | . . . . . . . . . . . . . . . . 1 . . . 1 . . . . . Crosswire 1 | . . . . . . . . . . . . . . . . . . . . . . 1 . . . Robots Hacked 284 | . . . . . . . 2 11 21 8 6 3 9 7 41 7 19 11 21 18 20 14 12 16 38 Non-combat 63 | . . . . . . . 2 . 14 . 3 . 4 . 18 . 6 . 8 1 5 . . . 2 Combat 221 | . . . . . . . . 11 7 8 3 3 5 7 23 7 13 11 13 17 15 14 12 16 36 Autoassimilated 87 | . . . . . . . . . . . . . . . . . 3 1 8 4 11 6 10 12 32 Robot Hacks Applied 206 | . . . . . . . 2 11 22 8 6 3 12 7 43 7 18 10 13 14 10 8 2 4 6 parse_system 6 | . . . . . . . . . . 1 . . 1 . 1 . . 1 1 . . . . . 1 no_distress 1 | . . . . . . . . . 1 . . . . . . . . . . . . . . . . find_chute 4 | . . . . . . . . . 4 . . . . . . . . . . . . . . . . ignore_repairs 17 | . . . . . . . . . 5 . 1 . 1 . 8 . . . 1 . 1 . . . . find_fabricator 6 | . . . . . . . . . . . . . 1 . 1 . 2 . . . 2 . . . . drop_inventory 24 | . . . . . . . 1 . 3 . 1 . 1 . 5 . 5 . 6 . 2 . . . . find_recycling 2 | . . . . . . . . . 1 . . . 1 . . . . . . . . . . . . ignore_parts 1 | . . . . . . . . . . . . . 1 . . . . . . . . . . . . check_alert 1 | . . . . . . . . . . . . . . . . . . . . . . . . . 1 relay_feed 2 | . . . . . . . 1 . . . . . 1 . . . . . . . . . . . . scatter_targeting 1 | . . . . . . . . . . . . . . . . . 1 . . . . . . . . overload_power 1 | . . . . . . . . . . 1 . . . . . . . . . . . . . . . overwrite_iff 1 | . . . . . . . . . . . . . . . . 1 . . . . . . . . . streamctrl_high 1 | . . . . . . . . . 1 . . . . . . . . . . . . . . . . formatsys_low 4 | . . . . . . . . . . . 1 . . . 3 . . . . . . . . . . formatsys_high 134 | . . . . . . . . 11 7 6 3 3 5 7 25 6 10 9 5 14 5 8 2 4 4 Relay Couplers Released 64 | . . . . . . 8 . 7 . 6 . 4 . 4 . 6 . 6 . 8 . 7 . 6 2 Machine Destruction 64 | . . . . . . 8 . 7 . 6 . 4 . 4 . 6 . 6 . 8 . 7 . 6 2 Attached 50 | . . . . . . 4 . 3 1 3 . 3 . 2 2 3 2 3 1 8 . 6 . 8 1 Crosswired 22 | . . . . . . . . . . . . . . . . . . . . . . 13 . 7 2 Robots Rewired . | . . . . . . . . . . . . . . . . . . . . . . . . . . Allies Hacked 3 | . . . . . . . . . 2 . . . . . 1 . . . . . . . . . . Hacks Repelled 2 | . . . . . . . . . 2 . . . . . . . . . . . . . . . . Allies | -11 -10 -10 -10 -9 -8 -8 -8 -8 -7 -7 -6 -6 -5 -5 -4 -4 -3 -3 -2 -2 -2 -2 -1 -1 -1 -------- Run | Scr Mat Min Exi Min Mat Gar Mat Gar Fac Gar Fac Gar Fac Gar Fac Gar Res Gar Res Gar Res Gar Acc Gar Acc Total Allies 277 | . . 3 . 2 3 . 6 11 12 6 9 3 7 7 30 7 27 10 13 18 25 14 12 16 36 Largest Group 29 | . . 3 3 5 5 . 4 11 11 5 10 13 13 15 26 19 13 16 7 8 11 20 23 25 29 Highest-Rated Group 1727 | . . 40 40 83 83 . 58 126 126 112 243 333 424 559 1019 872 667 773 425 456 619 1077 1302 1574 1727 Highest-Rated Ally 222 | . . 16 16 31 31 . 16 16 32 32 32 32 49 49 58 58 64 64 69 147 147 147 147 222 213 Total Orders 465 | . . . . . 15 . 16 20 30 2 16 13 20 10 127 23 59 . 19 9 33 10 11 32 . STAY 110 | . . . . . 2 . 2 10 5 1 6 6 12 4 20 5 15 . 5 5 8 3 1 . . GOTO 152 | . . . . . 7 . 7 1 11 . 4 . 2 2 29 9 17 . 7 . 13 3 9 31 . FOLLOW 175 | . . . . . 6 . 7 9 14 1 6 3 6 4 66 6 24 . 2 4 11 4 1 1 . GUARD 2 | . . . . . . . . . . . . . . . . . 1 . . . 1 . . . . AID 15 | . . . . . . . . . . . . . . . 12 3 . . . . . . . . . TUNNEL 4 | . . . . . . . . . . . . 4 . . . . . . . . . . . . . RETURN 7 | . . . . . . . . . . . . . . . . . 2 . 5 . . . . . . Ally Attacks 1925 | . . . . 3 35 . . 46 158 41 8 32 24 41 217 108 227 138 114 57 214 100 107 66 189 Total Damage 59738 | . . . . 54 386 . . 468 2336 874 88 501 689 1208 5993 3762 7528 3537 3707 1125 6078 2286 3153 1705 14260 Kills 303 | . . . . 2 6 . . 8 20 5 1 3 7 7 41 19 36 24 19 5 28 9 15 8 40 Allies Corrupted 12 | . . . . . . . 1 . . . . . . . 1 . . . 2 . 1 . . . 7 Allies Melted . | . . . . . . . . . . . . . . . . . . . . . . . . . . Intel | -11 -10 -10 -10 -9 -8 -8 -8 -8 -7 -7 -6 -6 -5 -5 -4 -4 -3 -3 -2 -2 -2 -2 -1 -1 -1 ------- Run | Scr Mat Min Exi Min Mat Gar Mat Gar Fac Gar Fac Gar Fac Gar Fac Gar Res Gar Res Gar Res Gar Acc Gar Acc Robot Analysis Total 63 | . 11 . . . 9 . 6 . 12 . . . 12 . 4 . 2 . 2 . 5 . . . . Derelict Logs Recovered 1 | . . . . 1 . . . . . . . . . . . . . . . . . . . . . Drone Launches 37 | . . . . . . . . . . . . . . . 21 . 3 . 9 2 2 . . . . Drone Recoveries 9 | . . . . . . . . . . . . . . . . . 2 . 7 . . . . . . Exploration | -11 -10 -10 -10 -9 -8 -8 -8 -8 -7 -7 -6 -6 -5 -5 -4 -4 -3 -3 -2 -2 -2 -2 -1 -1 -1 ------------- Run | Scr Mat Min Exi Min Mat Gar Mat Gar Fac Gar Fac Gar Fac Gar Fac Gar Res Gar Res Gar Res Gar Acc Gar Acc Turns Passed 26003 | 139 958 542 207 260 2425 642 1016 493 2284 490 1269 283 1217 423 2468 411 2490 552 2857 734 1920 502 327 639 455 Spaces Moved 17953 | 115 636 502 213 220 1509 422 716 389 1755 292 850 185 737 344 1512 320 1823 344 1853 516 1340 376 235 444 305 Core 9 | 9 . . . . . . . . . . . . . . . . . . . . . . . . . Treads . | . . . . . . . . . . . . . . . . . . . . . . . . . . Legs . | . . . . . . . . . . . . . . . . . . . . . . . . . . Wheels 17941 | 106 636 502 213 220 1509 422 716 389 1755 292 850 185 737 344 1509 320 1823 344 1853 516 1340 376 235 444 305 Hover 3 | . . . . . . . . . . . . . . . 3 . . . . . . . . . . Flight . | . . . . . . . . . . . . . . . . . . . . . . . . . . Fastest Speed 50 | 50 85 90 90 90 90 90 90 90 90 100 100 100 100 100 100 100 100 110 100 100 100 110 110 110 110 Average Speed 100 | 91 89 90 90 90 93 92 91 90 98 100 100 100 100 107 106 100 103 110 106 100 101 110 110 110 110 Slowest Speed 316 | 100 90 90 90 90 110 100 100 100 110 100 100 100 110 110 316 100 110 110 110 100 110 110 110 110 110 Overloaded Moves . | . . . . . . . . . . . . . . . . . . . . . . . . . . Propulsion Burnouts . | . . . . . . . . . . . . . . . . . . . . . . . . . . Robots Hopped . | . . . . . . . . . . . . . . . . . . . . . . . . . . Cave-ins Triggered . | . . . . . . . . . . . . . . . . . . . . . . . . . . Exploration Rate (%) 55 | 5 93 93 65 83 93 72 50 80 49 68 16 29 16 35 47 62 48 72 49 88 37 88 7 78 13 Regions Visited 25 Branch Regions 3 Pre-discovered Areas 8 | . 2 1 . 1 2 . . . 2 . . . . . . . . . . . . . . . . Known Exits Taken 15 | 1 1 1 1 1 1 . 1 . 1 . 1 . 1 . 1 . 1 . 1 . 1 . 1 . . Unknown Exits Taken . | . . . . . . . . . . . . . . . . . . . . . . . . . . Scrap Searched . | . . . . . . . . . . . . . . . . . . . . . . . . . . Spaces Dug 100 | . . . . . 7 1 2 3 10 9 4 1 1 3 15 7 9 3 13 2 6 3 . . 1 Terrain Destroyed 325 | . . 28 . 2 37 1 74 3 41 9 5 1 1 3 19 8 38 3 21 5 16 3 2 . 5 Melee 91 | . . . . . 7 1 2 3 9 9 4 1 1 1 15 2 9 3 12 2 6 3 . . 1 Projectile 100 | . . . . 2 18 . 9 . 4 . 1 . . 2 4 6 29 . 9 3 10 . 2 . 1 AOE 134 | . . 28 . . 12 . 63 . 28 . . . . . . . . . . . . . . . 3 Actions | -11 -10 -10 -10 -9 -8 -8 -8 -8 -7 -7 -6 -6 -5 -5 -4 -4 -3 -3 -2 -2 -2 -2 -1 -1 -1 --------- Run | Scr Mat Min Exi Min Mat Gar Mat Gar Fac Gar Fac Gar Fac Gar Fac Gar Res Gar Res Gar Res Gar Acc Gar Acc Total 24166 | 134 903 570 228 265 2245 617 972 482 2189 430 1258 273 1208 384 2288 381 2276 462 2489 679 1743 442 288 581 379 Wait 3129 | 1 100 40 16 19 309 63 104 10 194 26 375 69 438 6 588 12 200 19 251 32 144 27 35 49 2 Move 17921 | 114 635 501 212 219 1508 420 715 387 1754 290 849 184 736 342 1511 318 1822 342 1852 514 1339 375 234 443 305 Hop . | . . . . . . . . . . . . . . . . . . . . . . . . . . Pick Up 70 | 1 6 . . 1 7 7 2 4 2 1 1 1 . 3 4 2 4 5 2 4 2 4 . 6 1 Fast Attach 104 | 7 3 1 . 1 17 4 3 2 15 1 2 . 3 1 10 1 8 2 19 . 4 . . . . Attach 30 | . . . . . 3 1 1 2 3 1 . 1 . 1 4 1 2 1 2 4 . 1 . 1 1 Detach 27 | . . . . . 2 2 1 1 5 . 1 . . 2 3 2 1 1 3 2 . . . 1 . Swap 165 | . 4 . . . 35 8 15 9 18 7 7 4 4 2 6 2 5 2 10 5 9 5 . 7 1 Drop 134 | . 9 1 . 2 20 6 4 2 15 1 2 . 6 3 20 . 13 3 20 1 6 . . . . Fire 1227 | 11 122 22 . 17 134 14 56 10 102 11 9 5 17 15 70 23 135 20 193 40 125 13 13 4 46 Melee 510 | . . . . . 126 40 43 39 33 49 4 4 2 3 29 6 22 23 30 14 24 8 2 5 4 Ram 1 | . . . . . . . . . . . . . . . . . . . . 1 . . . . . Kick . | . . . . . . . . . . . . . . . . . . . . . . . . . . Crush . | . . . . . . . . . . . . . . . . . . . . . . . . . . Escape Stasis 174 | . . . . . . 32 . . . 16 . . . . . . . 24 . 39 . 5 . 48 10 Rewire 99 | . . . . . . . . 10 7 4 1 2 2 6 15 5 5 1 4 12 7 4 4 9 1 Trap . | . . . . . . . . . . . . . . . . . . . . . . . . . . Miscellaneous 575 | . 24 5 . 6 84 20 28 6 41 23 7 3 . . 28 9 59 19 103 11 83 . . 8 8 Route ------- -11/Scrapyard -10/Materials (discovered 5 exits: *Mat x3 / *Min x2) -10/Mines (discovered 3 exits: *Mat x2 / *Exi) -10/Exiles (discovered 2 exits: *Min x2) -9/Mines (discovered 2 exits: *Mat x2) -8/Materials (discovered 5 exits: *Fac x3 / *Sto / Gar) -8/Garrison (discovered 3 exits: *Mat x3) -8/Materials (discovered 4 exits: *Fac x2 / *Sto / Gar) -8/Garrison (discovered 3 exits: *Fac x3) -7/Factory (discovered 4 exits: *Fac x3 / Gar) -7/Garrison (discovered 2 exits: *Fac x2) -6/Factory (discovered 2 exits: *Low / Gar) -6/Garrison -5/Factory (discovered 4 exits: *Fac x2 / *Ext / Gar) -5/Garrison -4/Factory (discovered 3 exits: *Upp x2 / Gar) -4/Garrison (discovered 2 exits: *Res x2) -3/Research (discovered 6 exits: *Res x3 / Tes x2 / Gar) -3/Garrison (discovered 2 exits: *Res x2) -2/Research (discovered 4 exits: *Acc x2 / Qua / Gar) -2/Garrison (discovered 3 exits: *Res x3) -2/Research (discovered 4 exits: *Acc x2 / Qua / Gar) -2/Garrison (discovered 3 exits: *Acc x3) -1/Access (discovered 2 exits: Com / Gar) -1/Garrison (discovered 3 exits: *Acc x3) -1/Access History --------- Turn | Location | Event 6 | -11/Scrapyard | Identified exit to Materials 6 | -11/Scrapyard | Discovered exit to Materials (range 16) 79 | -11/Scrapyard | Upgraded with Propulsion slot (x1) 79 | -11/Scrapyard | Upgraded with Utility slot (x2) 140 | -11/Scrapyard | Entered Materials 168 | -10/Materials | Upgraded with Utility slot (x1) 209 | -10/Materials | Identified exit to Mines 209 | -10/Materials | Discovered exit to Mines (range 16) 307 | -10/Materials | Build established: Hacker-Mutant 372 | -10/Materials | Destroyed 7 combat bots 471 | -10/Materials | Reached level 2 601 | -10/Materials | Identified exit to Materials 601 | -10/Materials | Discovered exit to Materials (range 16) 740 | -10/Materials | Discovered exit to Materials (range 13) 762 | -10/Materials | Discovered exit to Mines (range 16) 959 | -10/Materials | Discovered exit to Materials (range 15) 997 | -10/Materials | Reached level 3 1098 | -10/Materials | Entered Mines 1170 | -10/Mines | Found a damaged Exp. Sensor Array with a note attached 1172 | -10/Mines | Found Prototype Device 1172 | -10/Mines | Identified Exp. Sensor Array 1174 | -10/Mines | Met a Derelict bent on vengeance 1202 | -10/Mines | Assembled infested the area 1375 | -10/Mines | Reached level 4 1377 | -10/Mines | Discovered exit to Materials (range 12) 1564 | -10/Mines | Discovered exit to Materials (range 3) 1566 | -10/Mines | Assisted by bots powering up and referring to "LRC-V3" 1568 | -10/Mines | Identified exit to Exiles 1568 | -10/Mines | Discovered exit to Exiles (range 12) 1623 | -10/Mines | Deemed a non-threat by the Exiles lab entrance 1640 | -10/Mines | Entered Exiles 1640 | -10/Exiles | Accompanied by 3 allies 1652 | -10/Exiles | Identified exit to Mines 1652 | -10/Exiles | Discovered exit to Mines (range 15) 1665 | -10/Exiles | Met 8R-AWN 1678 | -10/Exiles | Met EX-HEX 1706 | -10/Exiles | Met EX-BIN 1716 | -10/Exiles | Aligned with FarCom system 1717 | -10/Exiles | Given EX-Vault access code 1738 | -10/Exiles | Opened EX-Vault 1758 | -10/Exiles | Warned to stay clear of 0b10 Research branches 1784 | -10/Exiles | Met EX-DEC 1824 | -10/Exiles | Discovered exit to Mines (range 10) 1847 | -10/Exiles | Entered Mines 1847 | -9/Mines | Accompanied by 3 allies 1850 | -9/Mines | A weapon hastily lodged in a ceiling crevice suddenly fell to the ground 1909 | -9/Mines | Joined a pair of Derelicts in attacking an 0b10 outpost 1950 | -9/Mines | Met a Derelict shopkeep closing up shop 1998 | -9/Mines | Reached level 5 2016 | -9/Mines | Identified exit to Materials 2016 | -9/Mines | Discovered exit to Materials (range 15) 2069 | -9/Mines | Discovered exit to Materials (range 14) 2107 | -9/Mines | Entered Materials 2107 | -8/Materials | Accompanied by 5 allies 2109 | -8/Materials | Reached level 6 2109 | -8/Materials | Reached level 7 2112 | -8/Materials | Led the pair of lost Derelicts to an unsafe place 2342 | -8/Materials | Identified exit to Factory 2342 | -8/Materials | Discovered exit to Factory (range 20) 2375 | -8/Materials | Reached level 8 2810 | -8/Materials | Garrison activated, responded to threat 2824 | -8/Materials | Reached level 9 3145 | -8/Materials | Destroyed 8 combat bots 3157 | -8/Materials | Reached level 10 3513 | -8/Materials | Reached level 11 3640 | -8/Materials | Build established: Hacker-Assassin 3779 | -8/Materials | Discovered exit to Factory (range 7) 3882 | -8/Materials | Identified exit to Storage 3882 | -8/Materials | Discovered exit to Storage (range 10) 3922 | -8/Materials | Upgraded with Utility slot (x1) 3940 | -8/Materials | Hacking Suite fried by hacking feedback 4030 | -8/Materials | Reached level 12 4056 | -8/Materials | Upgraded with Utility slot (x1) 4168 | -8/Materials | Upgraded with Utility slot (x1) 4213 | -8/Materials | Discovered exit to Factory (range 16) 4280 | -8/Materials | Garrison activated, responded to threat 4371 | -8/Materials | Identified exit to Garrison 4400 | -8/Materials | Upgraded with Utility slot (x1) 4532 | -8/Materials | Entered Garrison 4552 | -8/Garrison | Triggered checkpoint 4576 | -8/Garrison | Garrison Relay disabled 4649 | -8/Garrison | Reached level 13 4714 | -8/Garrison | Triggered checkpoint 4794 | -8/Garrison | Identified exit to Materials 4794 | -8/Garrison | Discovered exit to Materials (range 17) 4819 | -8/Garrison | Installed Relay Interface Framework 4840 | -8/Garrison | Triggered checkpoint 4861 | -8/Garrison | Garrison Relay disabled 4906 | -8/Garrison | Triggered checkpoint 4965 | -8/Garrison | Discovered exit to Materials (range 15) 5001 | -8/Garrison | Garrison Relay disabled 5058 | -8/Garrison | Triggered checkpoint 5088 | -8/Garrison | Discovered exit to Materials (range 20) 5118 | -8/Garrison | Garrison Relay disabled 5174 | -8/Garrison | Entered Materials 5605 | -8/Materials | Discovered exit to Factory (range 20) 5629 | -8/Materials | Discovered exit to Storage (range 19) 5701 | -8/Materials | Garrison activated, responded to threat 5703 | -8/Materials | Reached level 14 5930 | -8/Materials | Build established: Bothacker-Mutant 5964 | -8/Materials | Discovered exit to Factory (range 8) 6117 | -8/Materials | Identified exit to Garrison 6190 | -8/Materials | Entered Garrison 6190 | -8/Garrison | Accompanied by 4 allies 6214 | -8/Garrison | Triggered checkpoint 6225 | -8/Garrison | Upgraded with Weapon slot (x1) 6243 | -8/Garrison | Garrison Relay disabled 6245 | -8/Garrison | Upgraded with Utility slot (x1) 6300 | -8/Garrison | Triggered checkpoint 6301 | -8/Garrison | Triggered checkpoint 6310 | -8/Garrison | Triggered checkpoint 6330 | -8/Garrison | Triggered checkpoint 6372 | -8/Garrison | Discovered exit to Factory (range 13) 6385 | -8/Garrison | Garrison Relay disabled 6392 | -8/Garrison | Triggered checkpoint 6448 | -8/Garrison | Build established: Bothacker-Assassin 6466 | -8/Garrison | Triggered checkpoint 6485 | -8/Garrison | Garrison Relay disabled 6487 | -8/Garrison | Upgraded with Utility slot (x1) 6502 | -8/Garrison | Triggered checkpoint 6511 | -8/Garrison | Discovered exit to Factory (range 13) 6602 | -8/Garrison | Discovered exit to Factory (range 8) 6613 | -8/Garrison | Expanded RIF knowledge: Alert ID Control 6634 | -8/Garrison | Triggered checkpoint 6648 | -8/Garrison | Garrison Relay disabled 6683 | -8/Garrison | Entered Factory 6683 | -7/Factory | Accompanied by 11 allies 6685 | -7/Factory | Reached level 15 7030 | -7/Factory | Fabricated Remote Datajack (x1) 7115 | -7/Factory | Fabricated System Backup Module (x2) 7482 | -7/Factory | Reached level 16 7652 | -7/Factory | Identified exit to Factory 7652 | -7/Factory | Discovered exit to Factory (range 14) 7684 | -7/Factory | Local fabrication network quarantined 7802 | -7/Factory | Build established: Bothacker-Mutant 8016 | -7/Factory | Repaired Broken Cld. Deuterium Engine 8097 | -7/Factory | Discovered exit to Factory (range 18) 8176 | -7/Factory | Build established: Bothacker-Assassin 8500 | -7/Factory | Repaired Broken Arm. Wheel? 8734 | -7/Factory | Discovered exit to Factory (range 19) 8891 | -7/Factory | Build established: Bothacker-Mutant 8902 | -7/Factory | Identified exit to Garrison 8967 | -7/Factory | Entered Garrison 8967 | -7/Garrison | Accompanied by 4 allies 8972 | -7/Garrison | Expanded RIF knowledge: Structural Interface 8994 | -7/Garrison | Triggered checkpoint 9028 | -7/Garrison | Garrison Relay disabled 9128 | -7/Garrison | Triggered checkpoint 9169 | -7/Garrison | Reached level 17 9200 | -7/Garrison | Build established: Bothacker-Assassin 9236 | -7/Garrison | Discovered exit to Factory (range 15) 9250 | -7/Garrison | Triggered checkpoint 9295 | -7/Garrison | Upgraded with Utility slot (x1) 9427 | -7/Garrison | Garrison Relay disabled 9445 | -7/Garrison | Discovered exit to Factory (range 8) 9457 | -7/Garrison | Entered Factory 9457 | -6/Factory | Accompanied by 1 ally 9616 | -6/Factory | Reached level 18 9853 | -6/Factory | Identified exit to Lower Caves 9853 | -6/Factory | Discovered exit to Lower Caves (range 19) 10022 | -6/Factory | Fabricated Imp. System Shield (x1) 10120 | -6/Factory | Fabricated Remote Shield (x2) 10206 | -6/Factory | Fabricated Lrn. Terrain Scanner (x1) 10288 | -6/Factory | Fabricated T-07 Excavator (x1) 10434 | -6/Factory | Identified exit to Garrison 10726 | -6/Factory | Entered Garrison 10726 | -6/Garrison | Accompanied by 10 allies 10731 | -6/Garrison | Expanded RIF knowledge: Coupler Efficiency 10760 | -6/Garrison | Triggered checkpoint 10770 | -6/Garrison | Garrison Relay disabled 10900 | -6/Garrison | Garrison Relay disabled 10908 | -6/Garrison | Triggered checkpoint 10910 | -6/Garrison | Identified exit to Factory 10910 | -6/Garrison | Discovered exit to Factory (range 23) 10921 | -6/Garrison | Upgraded with Weapon slot (x1) 10942 | -6/Garrison | Triggered checkpoint 11009 | -6/Garrison | Entered Factory 11009 | -5/Factory | Accompanied by 10 allies 11011 | -5/Factory | Reached level 19 11018 | -5/Factory | Build established: Botlord-Assassin 11084 | -5/Factory | Garrison activated, responded to threat 11140 | -5/Factory | Identified exit to Factory 11140 | -5/Factory | Discovered exit to Factory (range 22) 11201 | -5/Factory | Garrison activated, responded to threat 11313 | -5/Factory | Identified exit to Extension 11313 | -5/Factory | Discovered exit to Extension (range 18) 11348 | -5/Factory | Reached level 20 11489 | -5/Factory | Discovered exit to Factory (range 18) 11709 | -5/Factory | Fabricated Thermal Defense Suite (x1) 11710 | -5/Factory | Upgraded with Utility slot (x1) 11805 | -5/Factory | Fabricated Power Sword (x2) 11959 | -5/Factory | Fabricated Exp. Terrain Scanner (x1) 12103 | -5/Factory | Identified exit to Garrison 12226 | -5/Factory | Entered Garrison 12226 | -5/Garrison | Accompanied by 12 allies 12260 | -5/Garrison | Triggered checkpoint 12285 | -5/Garrison | Garrison Relay disabled 12384 | -5/Garrison | Triggered checkpoint 12387 | -5/Garrison | Spotted B-75 Beast 12402 | -5/Garrison | Allies destroyed B-75 Beast 12402 | -5/Garrison | Triggered checkpoint 12407 | -5/Garrison | Triggered checkpoint 12434 | -5/Garrison | Discovered exit to Factory (range 28) 12460 | -5/Garrison | Triggered checkpoint 12495 | -5/Garrison | Garrison Relay disabled 12548 | -5/Garrison | Expanded RIF knowledge: Program Shield 12649 | -5/Garrison | Entered Factory 12649 | -4/Factory | Accompanied by 13 allies 12651 | -4/Factory | Reached level 21 12788 | -4/Factory | Reached level 22 13036 | -4/Factory | Identified exit to Upper Caves 13036 | -4/Factory | Discovered exit to Upper Caves (range 18) 13357 | -4/Factory | Garrison activated, responded to threat 13494 | -4/Factory | Build established: Commander-Assassin 13554 | -4/Factory | Garrison activated, responded to threat 13555 | -4/Factory | Reached level 23 13675 | -4/Factory | Fabricated Cld. Fission Core (x1) 13844 | -4/Factory | Fabricated Imp. Thermal Defense Suite (x1) 14406 | -4/Factory | Discovered exit to Upper Caves (range 18) 14556 | -4/Factory | Fabricated System Restoration Module (x2) 14963 | -4/Factory | Identified exit to Garrison 15117 | -4/Factory | Entered Garrison 15117 | -4/Garrison | Accompanied by 16 allies 15161 | -4/Garrison | Garrison Relay disabled 15164 | -4/Garrison | Triggered checkpoint 15238 | -4/Garrison | Triggered checkpoint 15246 | -4/Garrison | Triggered checkpoint 15248 | -4/Garrison | Triggered checkpoint 15253 | -4/Garrison | Triggered checkpoint 15268 | -4/Garrison | Identified exit to Research 15268 | -4/Garrison | Discovered exit to Research (range 13) 15268 | -4/Garrison | Garrison Relay disabled 15335 | -4/Garrison | Reached level 24 15392 | -4/Garrison | Triggered checkpoint 15407 | -4/Garrison | Discovered exit to Research (range 28) 15432 | -4/Garrison | Triggered checkpoint 15448 | -4/Garrison | Expanded RIF knowledge: Autoassimilate 15486 | -4/Garrison | Garrison Relay disabled 15528 | -4/Garrison | Entered Research 15528 | -3/Research | Accompanied by 8 allies 15530 | -3/Research | Reached level 25 15550 | -3/Research | Build established: Botlord-Assassin 15567 | -3/Research | Upgraded with Utility slot (x1) 15856 | -3/Research | Garrison activated, responded to threat 15889 | -3/Research | Reached level 26 16453 | -3/Research | Identified exit to Testing 16453 | -3/Research | Discovered exit to Testing (range 29) 16693 | -3/Research | Reached level 27 17030 | -3/Research | Identified exit to Research 17030 | -3/Research | Discovered exit to Research (range 27) 17309 | -3/Research | Fabricated Energy Mantle (x1) 17332 | -3/Research | Discovered exit to Research (range 30) 17425 | -3/Research | Local fabrication network quarantined 17573 | -3/Research | Discovered exit to Research (range 26) 17623 | -3/Research | Found Enh. Force Lance 17653 | -3/Research | Discovered exit to Testing (range 29) 17661 | -3/Research | Reached level 28 17989 | -3/Research | Identified exit to Garrison 18018 | -3/Research | Entered Garrison 18018 | -3/Garrison | Accompanied by 13 allies 18024 | -3/Garrison | Expanded RIF knowledge: Robot Detection 18040 | -3/Garrison | Triggered checkpoint 18110 | -3/Garrison | Triggered checkpoint 18121 | -3/Garrison | Garrison Relay disabled 18132 | -3/Garrison | Upgraded with Utility slot (x1) 18173 | -3/Garrison | Discovered exit to Research (range 30) 18181 | -3/Garrison | Spotted B-86 Titan 18188 | -3/Garrison | Triggered checkpoint 18198 | -3/Garrison | Triggered checkpoint 18198 | -3/Garrison | Triggered checkpoint 18201 | -3/Garrison | Allies destroyed B-86 Titan 18232 | -3/Garrison | Triggered checkpoint 18300 | -3/Garrison | Triggered checkpoint 18346 | -3/Garrison | Garrison Relay disabled 18394 | -3/Garrison | Discovered exit to Research (range 28) 18476 | -3/Garrison | Triggered checkpoint 18510 | -3/Garrison | Garrison Relay disabled 18570 | -3/Garrison | Entered Research 18570 | -2/Research | Accompanied by 6 allies 18572 | -2/Research | Reached level 29 18572 | -2/Research | Reached level 30 18598 | -2/Research | Identified exit to Access 18598 | -2/Research | Discovered exit to Access (range 19) 19291 | -2/Research | Discovered exit to Access (range 28) 19296 | -2/Research | Found Prototype Hackware 19296 | -2/Research | Identified Exp. Hacking Suite 19297 | -2/Research | Upgraded with Utility slot (x1) 19424 | -2/Research | Identified exit to Quarantine 19424 | -2/Research | Discovered exit to Quarantine (range 27) 19716 | -2/Research | Fabricated Exp. Thermal Defense Suite? 19757 | -2/Research | Fabricated Imp. Energy Mantle? 19867 | -2/Research | Core integrity fell below 50% 19897 | -2/Research | Fabricated Hdn. Centrium Wheel? 19977 | -2/Research | Found Prototype Device 19977 | -2/Research | Identified Exp. Thermal Shield 19987 | -2/Research | Found Prototype Device 19987 | -2/Research | Identified Exp. Transmission Jammer 19997 | -2/Research | Found Prototype Launcher 19997 | -2/Research | Identified Hellfire Missile Launcher 20174 | -2/Research | Found Prototype Processor 20174 | -2/Research | Identified Exp. Core Analyzer 20277 | -2/Research | Reached level 31 21058 | -2/Research | Spotted B-90 Cyclops 21397 | -2/Research | Repaired Lyr. Medium Armor Plating 21426 | -2/Research | Identified exit to Garrison 21427 | -2/Research | Entered Garrison 21438 | -2/Garrison | Identified exit to Research 21438 | -2/Garrison | Discovered exit to Research (range 28) 21446 | -2/Garrison | Triggered checkpoint 21481 | -2/Garrison | Garrison Relay disabled 21544 | -2/Garrison | Discovered exit to Research (range 30) 21582 | -2/Garrison | Reached level 32 21626 | -2/Garrison | Triggered checkpoint 21626 | -2/Garrison | Spotted B-90 Cyclops 21631 | -2/Garrison | Triggered checkpoint 21640 | -2/Garrison | Triggered checkpoint 21744 | -2/Garrison | Triggered checkpoint 21752 | -2/Garrison | Garrison Relay disabled 21820 | -2/Garrison | Triggered checkpoint 21820 | -2/Garrison | Assimilated Cyclops 9a with formatsys_high 21847 | -2/Garrison | Discovered exit to Research (range 30) 21916 | -2/Garrison | Garrison Relay disabled 21918 | -2/Garrison | Triggered checkpoint 22016 | -2/Garrison | Expanded RIF knowledge: Autoassimilate 22088 | -2/Garrison | Triggered checkpoint 22101 | -2/Garrison | Garrison Relay disabled 22161 | -2/Garrison | Entered Research 22161 | -2/Research | Accompanied by 5 allies 22214 | -2/Research | Repaired Lyr. Medium Armor Plating 22339 | -2/Research | Found Prototype Launcher 22339 | -2/Research | Identified Enh. Gamma Bomb Array 22378 | -2/Research | Garrison activated, responded to threat 22548 | -2/Research | Core integrity fell below 20% 22602 | -2/Research | Destroyed 7 combat bots 22758 | -2/Research | Allied Derelicts emerged from ambush trap array 22969 | -2/Research | Discovered exit to Quarantine (range 27) 23077 | -2/Research | Discovered exit to Access (range 27) 23331 | -2/Research | Allied Derelicts emerged from ambush trap array 23514 | -2/Research | Reached level 33 23551 | -2/Research | Discovered exit to Access (range 34) 23709 | -2/Research | Spotted B-90 Cyclops 23715 | -2/Research | Assimilated Cyclops 9b with formatsys_high 23758 | -2/Research | Local fabrication network quarantined 23784 | -2/Research | Allied Derelicts emerged from ambush trap array 23842 | -2/Research | Fabricated Cld. Antimatter Reactor? 23858 | -2/Research | Upgraded with Power slot (x1) 24029 | -2/Research | Identified exit to Garrison 24081 | -2/Research | Entered Garrison 24081 | -2/Garrison | Accompanied by 9 allies 24087 | -2/Garrison | Expanded RIF knowledge: Crosswire 24112 | -2/Garrison | Triggered checkpoint 24170 | -2/Garrison | Garrison Relay disabled 24202 | -2/Garrison | Spotted B-90 Cyclops 24206 | -2/Garrison | Triggered checkpoint 24206 | -2/Garrison | Assimilated Cyclops 9c with formatsys_high 24220 | -2/Garrison | Triggered checkpoint 24228 | -2/Garrison | Triggered checkpoint 24236 | -2/Garrison | Triggered checkpoint 24288 | -2/Garrison | Discovered exit to Access (range 18) 24307 | -2/Garrison | Garrison Relay disabled 24312 | -2/Garrison | Triggered checkpoint 24383 | -2/Garrison | Discovered exit to Access (range 10) 24392 | -2/Garrison | Triggered checkpoint 24401 | -2/Garrison | Garrison Relay disabled 24471 | -2/Garrison | Discovered exit to Access (range 30) 24486 | -2/Garrison | Triggered checkpoint 24499 | -2/Garrison | Garrison Relay disabled 24583 | -2/Garrison | Entered Access 24583 | -1/Access | Accompanied by 14 allies 24585 | -1/Access | Reached level 34 24853 | -1/Access | Identified exit to Command 24853 | -1/Access | Discovered exit to Command (range 28) 24853 | -1/Access | Identified exit to Garrison 24910 | -1/Access | Entered Garrison 24910 | -1/Garrison | Accompanied by 13 allies 24950 | -1/Garrison | Triggered checkpoint 24966 | -1/Garrison | Garrison Relay disabled 25036 | -1/Garrison | Spotted B-99 Colossus 25037 | -1/Garrison | Autoassimilated Colossus 10a with RIF 25044 | -1/Garrison | Triggered checkpoint 25046 | -1/Garrison | Triggered checkpoint 25050 | -1/Garrison | Triggered checkpoint 25062 | -1/Garrison | Triggered checkpoint 25171 | -1/Garrison | Garrison Relay disabled 25178 | -1/Garrison | Identified exit to Access 25178 | -1/Garrison | Discovered exit to Access (range 28) 25257 | -1/Garrison | Garrison Relay disabled 25258 | -1/Garrison | Triggered checkpoint 25272 | -1/Garrison | Discovered exit to Access (range 24) 25330 | -1/Garrison | Discovered exit to Access (range 18) 25332 | -1/Garrison | Triggered checkpoint 25346 | -1/Garrison | Garrison Relay disabled 25436 | -1/Garrison | Triggered checkpoint 25470 | -1/Garrison | Expanded RIF knowledge: Coupler Efficiency 25549 | -1/Garrison | Entered Access 25549 | -1/Access | Accompanied by 21 allies 25552 | -1/Access | Maximum security lockdown engaged 25574 | -1/Access | Garrison activated, responded to threat 25696 | -1/Access | Garrison activated, responded to threat 25707 | -1/Access | Reached level 35 25710 | -1/Access | Upgraded with Utility slot (x1) 25965 | -1/Access | Spotted Investigator 25975 | -1/Access | Scanned by Researcher 25989 | -1/Access | Core integrity fell below 50% 25990 | -1/Access | Spotted Investigator 25997 | -1/Access | Core integrity fell below 20% 25999 | -1/Access | Destroyed Investigator 26004 | -1/Access | Destroyed by G-73 Enforcer with Phase Gun Last Messages --------------- 26002_ System corrupted: Graviton Cannon targeting data glitched. 26002_ G-73 Enforcer destroyed. 26002_ Destroyed Com. Wheel. 26002_ I-47 Archangel destroyed. 26002_ P-80 Master destroyed. 26002_ P-80 Master stasis bubble strength at 68. 26003_ The unstable cave ceiling collapses. 26003_ Investigator stasis bubble strength at 134. 26003_ P-80 Master stasis bubble strength at 156. 26003_ P-80 Master stasis bubble strength at 123. 26003_ P-80 Master stasis bubble strength at 57. 26003_ Enforcer 10ai stasis bubble strength at 177. 26003_ G-73 Enforcer stasis bubble strength at 146. 26004_ Investigator stasis bubble strength at 123. 26004_ P-80 Master stasis bubble strength at 145. 26004_ P-80 Master stasis bubble strength at 112. 26004_ I-47 Archangel stasis bubble strength at 170. 26004_ P-80 Master stasis bubble strength at 46. 26004_ Enforcer 10ai stasis bubble strength at 154. 26004_ G-73 Enforcer stasis bubble strength at 119. Map ----- +----------------------------------------------------+ | ?????????? ################################## | | ???????# ?? ? ################################## | | ???????# ? #######################?#?######## | | ?????### ? ################################## | | ????#### ? ################################## | | ???#####? ################################## | | ??###?## ################################## | | ??##########+##################################### | | ?######### ##?###### ## | | ?#??##?### ? ######### ## | | ? ? ######### """"""" ##" | | ?########? ######### """"""" ##" | | ####?###? ######### ##" " | | ?#??######### ########## ##T """" | | # ? # ########## ##" """"" | | # ? # #?######## ##" """"" | | + ? # ########## ##" """" | | # # ########?# ## " | | # ? # ########## ## | | ?# # ########## # ] | | #?########## ######### # "#+##### | | /############ [%* | | d ? # % ==% | | # g | | ? """"" ""# % % % = %h | | ? """"" "" *gg % @ g% =% "% | | ? """"" ""# i =% g%g% % %= = /% | | """"" T# !=%! g %%! != ===% | | """""i"""# %%%g ]#g # ## #t ####### | | ?""?""gp"" [cgp % g| % # | | ? ? ? bg""!p [%R%% %! # | | gppp d ] # # | | ??? d* % !#### | | ?? ? # + " #### | | ####??#######h # !!! # """" #### | | ? ? ? h # !!! = # u""""" ####+# | | # !!! # """"" ## | | ? # # """" ## | | ? # i # " ## | | ? ? # # ## | | ?? ? # # ## | | ?? ? h # ############### | | ??? ?###h########### #### ########## | | ?? ? # h? ## # ########## | | ?? ? ?? ? ? ########################### | | ????? # #########?################# | | ???? # ? ""? ########################### | | ????? #? ? "" ########################### | | ??????? ? """"?" ############################### | | ??????? ?"""""" ? ############################### | +----------------------------------------------------+ Best States ------------- Heat Dissipation 49 Energy Generation 87 Energy Capacity 1660 Matter Stores 300 Matter Capacity 300 Sight Range 16 Robot Scan Range 30 Terrain Scan Range 30 Terrain Scan Density 510 ECM Strength 2 Armor Coverage 375 Resistance: KI 55 Resistance: TH 65 Resistance: EX 35 Resistance: EM 35 Resistance: I 35 Resistance: S 35 Resistance: P 35 Propulsion Shielding 33 Weapon Shielding 33 Evasion (%) 42 Melee Accuracy 10 Matter Filtering 30 Offensive Hacking 41 Defensive Hacking 27 Item Schematics ----------------- ECM Suite | -10/Materials | Hacked Propulsion Shielding | -10/Materials | Hacked Lgt. Armor Plating | -10/Materials | Hacked Com. Wheel | -10/Materials | Hacked Arm. Wheel | -8/Materials | Scanalyzed Adv. Terrain Scanner | -8/Materials | Scanalyzed Imp. Aluminum Leg | -8/Materials | Extracted Utility Shielding | -8/Materials | Extracted Reflective Plating | -8/Materials | Extracted Maneuvering Thrusters | -8/Materials | Extracted Flak Cannon | -8/Materials | Extracted Visual Processing Unit | -8/Materials | Extracted Lgt. Treads | -8/Materials | Extracted Imp. Datajack | -8/Materials | Scanalyzed Mak. Sword | -8/Materials | Scanalyzed Imp. Light Armor Plating | -8/Materials | Scanalyzed Hrd. Medium Armor Plating | -8/Materials | Scanalyzed Datajack | -8/Materials | Extracted VTOL Module | -8/Materials | Extracted Melee Analysis Suite | -8/Materials | Extracted Integration Mediator | -8/Materials | Extracted Imp. ECM Suite | -8/Materials | Extracted Reclamation Unit | -8/Materials | Extracted Ion Cannon | -8/Materials | Extracted Transmission Jammer | -8/Materials | Hacked System Shield | -8/Materials | Hacked Hacking Suite | -8/Materials | Hacked Remote Datajack | -8/Materials | Hacked System Backup Module | -8/Materials | Hacked Hvy. Rocket Launcher | -8/Materials | Scanalyzed Cld. Ion Engine | -8/Materials | Scanalyzed Wheel | -8/Materials | Extracted Adv. Beam Rifle | -8/Materials | Extracted Hammer | -8/Materials | Extracted Sensor Array | -8/Materials | Extracted Cryofiber Web | -8/Materials | Extracted Lrn. Terrain Scanner | -8/Materials | Hacked Great Axe | -8/Materials | Hacked Gauss Cannon | -8/Materials | Hacked Imp. EM Pulse Cannon | -7/Factory | Extracted Cld. Deuterium Engine | -7/Factory | Scanalyzed Remote Shield | -6/Factory | Hacked Imp. System Shield | -6/Factory | Hacked Imp. Remote Shield | -5/Factory | Hacked Exp. Terrain Scanner | -5/Factory | Hacked Thermal Defense Suite | -5/Factory | Hacked Power Sword | -5/Factory | Hacked Centrium Wheel | -4/Factory | Hacked Imp. Thermal Defense Suite | -4/Factory | Hacked System Restoration Module | -4/Factory | Hacked Cld. Fission Core | -4/Factory | Hacked Imp. Energy Well | -4/Factory | Hacked Mni. Drone Bay | -4/Factory | Scanalyzed Energy Mantle | -4/Factory | Hacked Hdn. Centrium Wheel | -3/Research | Hacked Adv. Thermal Defense Suite | -3/Research | Hacked Adv. Remote Datajack | -3/Research | Scanalyzed Exp. Thermal Defense Suite | -3/Research | Hacked Imp. Energy Mantle | -2/Research | Hacked Cld. Antimatter Reactor | -2/Research | Hacked Robot Schematics ------------------ O-16 Technician | -10/Materials | Hacked M-13 Machinist | -10/Materials | Hacked O-24 Administrator | -8/Materials | Hacked T-07 Excavator | -8/Materials | Hacked M-28 Smith | -8/Materials | Hacked O-32 Director | -4/Factory | Hacked M-36 Artificer | -4/Factory | Hacked Fabricated ------------ Remote Datajack | x1 | -7/Factory System Backup Module | x2 | -7/Factory Imp. System Shield | x1 | -6/Factory Remote Shield | x2 | -6/Factory Lrn. Terrain Scanner | x1 | -6/Factory T-07 Excavator | x1 | -6/Factory Thermal Defense Suite | x1 | -5/Factory Power Sword | x2 | -5/Factory Exp. Terrain Scanner | x1 | -5/Factory Cld. Fission Core | x1 | -4/Factory Imp. Thermal Defense Suite | x1 | -4/Factory System Restoration Module | x2 | -4/Factory Energy Mantle | x1 | -3/Research Exp. Thermal Defense Suite | x1 | -2/Research Imp. Energy Mantle | x1 | -2/Research Hdn. Centrium Wheel | x1 | -2/Research Cld. Antimatter Reactor | x2 | -2/Research Alien Tech Used ----------------- None Achievements -------------- None Challenges ------------ None RPGLIKE | -11 -10 -10 -10 -9 -8 -8 -8 -8 -7 -7 -6 -6 -5 -5 -4 -4 -3 -3 -2 -2 -2 -2 -1 -1 -1 --------- Run | Scr Mat Min Exi Min Mat Gar Mat Gar Fac Gar Fac Gar Fac Gar Fac Gar Res Gar Res Gar Res Gar Acc Gar Acc Levels Raised 34 | . 2 1 . 1 7 1 1 . 2 1 1 . 2 . 3 1 4 . 3 1 1 . 1 . 1 XP Earned 57692 | 6000 3455 1380 350 1544 10757 1268 1282 597 2830 764 1487 926 2099 1143 3760 1398 5891 920 4224 811 1358 323 1195 681 1249 XP Spent 56730 | 3200 3060 . . . 8650 1500 1750 6000 400 3200 2000 800 3800 . . 550 3800 6350 4400 . 2570 . . . 4700 Upgrades 49 | 10 6 . . . 5 1 1 3 2 1 1 1 2 . . 1 1 2 1 . 10 . . . 1 Power Slot 1 | . . . . . . . . . . . . . . . . . . . . . 1 . . . . Propulsion Slot 1 | 1 . . . . . . . . . . . . . . . . . . . . . . . . . Utility Slot 15 | 2 1 . . . 4 . . 2 . 1 . . 1 . . . 1 1 1 . . . . . 1 Weapon Slot 2 | . . . . . . . . 1 . . . 1 . . . . . . . . . . . . . Core Integrity 4 | . . . . . . . . . . . . . . . . . . . . . 4 . . . . Heat Dissipation 4 | . 3 . . . . . . . . . . . . . . . . . . . 1 . . . . Energy Generation 2 | . . . . . . . . . . . . . 1 . . 1 . . . . . . . . . Inventory Capacity 9 | 2 2 . . . 1 1 1 . . . 1 . . . . . . 1 . . . . . . . Terrain Scan Density 5 | 5 . . . . . . . . . . . . . . . . . . . . . . . . . Hack Attack % 1 | . . . . . . . . . 1 . . . . . . . . . . . . . . . . Hack Defense % 1 | . . . . . . . . . 1 . . . . . . . . . . . . . . . . KI Resistance % 4 | . . . . . . . . . . . . . . . . . . . . . 4 . . . . Protomatter Created 5070 | . 150 17 . 97 853 309 508 133 399 162 . . . . 236 . 487 . 640 55 752 . 25 . 247 Integrity Restored 10379 | . 426 54 . 95 1535 330 434 126 667 467 120 50 . . 340 154 1035 324 2124 216 1625 . . 154 103 Core 7194 | . 301 12 . 57 1057 162 259 126 419 399 49 35 . . 264 117 628 228 1470 216 1248 . . 65 82 Parts 3185 | . 125 42 . 38 478 168 175 . 248 68 71 15 . . 76 37 407 96 654 . 377 . . 89 21 Protomatter Decayed 10361 | . . 56 . 61 448 154 303 182 544 156 15 . 43 180 1462 559 1134 911 781 443 1341 283 328 32 945 Game ------ Seed FieldNodeSplitter Manual? 1 Play Time 08:07:54 Cumulative 349.4 hours Start 2020.04.30 @ 19:25:00 End 2020.05.01 @ 04:02:43 Sessions 1 Manual Loads 0 Difficulty Explorer Special Mode Winter2019/RPGLIKE Game No. 41 Rogue 1 Adventurer 3 Explorer 37 Win Type - Total 17 Types 17/0/0/0/0/0/0 Lore% 71 Gallery% 87 Achievement% 85 Wizard Run 0 Options --------- ASCII 0 Keyboard 1 Movement Vi Keybinds 0 Fullscreen 2 Font 24/Terminus Map View 76x50 Tactical HUD 1 Map Filters NONE Filters NONE Steam 1 RUN: 0e904ce9-3984-4816-b5bc-21f3641c4ff8